 Dungeon Crawl Stone Soup version 0.21.0-25-ge575cb9ce8 (webtiles) character file.

18208 Principatus the Black Belt (level 12, -2/124 HPs)
             Began as a Troll Monk on Jan 23, 2018.
             Was the Champion of Jiyva.
             Slain by a phantasmal warrior (26 damage)
             ... led by a death knight
             ... on level 12 of the Dungeon.
             The game lasted 00:47:56 (11155 turns).

Principatus the Black Belt (Troll Monk)            Turns: 11155, Time: 00:47:57

Health: -2/124     AC:  9    Str: 15    XL:     12   Next: 25%
Magic:  11/11      EV:  9    Int:  9    God:    Jiyva [******]
Gold:   177        SH: 22    Dex: 25    Spells: 11/11 levels left

rFire    . . .     SeeInvis .     - Unarmed
rCold    + . .     Gourm    +   t - +1 large shield
rNeg     . . .     Faith    .   d - +0 acid dragon scales
rPois    .         Spirit   .   (helmet restricted)
rElec    +         Reflect  .   (no cloak)
rCorr    +         Harm     .   (gloves unavailable)
MR       .....                  (boots unavailable)
Stlth    ++........             j - amulet of regeneration
HPRegen  1.10/turn              y - +5 ring of slaying
MPRegen  0.12/turn              k - +5 ring of dexterity

@: lethally poisoned (-2 -> -2), vulnerable, invisible
A: large, unfitting armour, claws 3, large bone plates 1, cold resistance 1,
fast metabolism 3, gourmand, regeneration 1, robust 1, shaggy fur 1, electricity
resistance, tough skin 2, wild magic 1, evolution 1
a: Request Jelly, Slimify, Cure Bad Mutation, Renounce Religion


You were on level 12 of the Dungeon.
You worshipped Jiyva.
Jiyva was exalted by your worship.
You were very full.

You visited 2 branches of the dungeon, and saw 14 of its levels.
You also visited: Sewer.

You collected 430 gold pieces.
You spent 253 gold pieces at shops.

Inventory:

Missiles
 p - 151 stones
 u - 8 javelins
 H - 7 tomahawks (quivered)
 M - 4 tomahawks of returning
Armour
 d - +0 acid dragon scales (worn)
 t - a +1 large shield (worn)
 z - a +0 robe
Magical Staves
 A - an uncursed staff of summoning
Jewellery
 j - an amulet of regeneration (around neck)
 k - a +5 ring of dexterity (right claw)
 v - an uncursed ring of protection from cold
 y - a +5 ring of slaying (left claw)
 C - an uncursed ring of magical power
Wands
 s - a wand of flame (30)
 x - a wand of random effects (64)
Scrolls
 c - 3 scrolls of identify
 e - 3 scrolls of enchant weapon
 g - 6 scrolls of remove curse
 h - 2 scrolls of enchant armour
 i - 2 scrolls of fog {unknown}
 o - a scroll of amnesia {unknown}
 q - a scroll of noise {unknown}
 r - 2 scrolls of blinking {unknown}
 w - 2 scrolls of immolation {unknown}
 B - 2 scrolls of random uselessness {unknown}
 J - a scroll of silence {unknown}
Potions
 a - a potion of lignification {unknown}
 f - 6 potions of curing
 l - 4 potions of brilliance
 n - 2 potions of haste
 D - a potion of magic
 E - a potion of might {unknown}
 I - a potion of degeneration {unknown}
 K - a potion of mutation {unknown}
Books
 F - the Guide on Dislocated Intoxication
   (You found it on level 7 of the Dungeon)

   Spells                             Type                      Level
   a - Shroud of Golubria             Charms/Translocation         2
   b - Blink                          Translocation                2
   c - Portal Projectile              Hexes/Translocation          3
   d - Teleport Other                 Translocation                3
   e - Force Lance                    Conjuration/Translocation    4
   f - Olgreb's Toxic Radiance        Poison                       4
 G - a book of Callings

   Spells                             Type                      Level
   a - Summon Small Mammal            Summoning                    1
   b - Call Imp                       Summoning                    2
   c - Call Canine Familiar           Summoning                    3
   d - Summon Guardian Golem          Hexes/Summoning              3
   e - Summon Lightning Spire         Summoning/Air                4
   f - Summon Ice Beast               Ice/Summoning                4
Comestibles
 b - 19 rations
 L - 2 chunks of flesh


   Skills:
 + Level 5.6 Fighting
 - Level 0.1 Throwing
 - Level 2.4 Dodging
 - Level 1.0 Stealth
 + Level 9.8 Shields
 * Level 15.1 Unarmed Combat


You had 11 spell levels left.
You didn't know any spells.

Dungeon Overview and Level Annotations

Branches:
Dungeon (13/15)            Temple (1/1) D:4
   Lair: D:8-11         Orc: D:9-12      Vaults: D:13-14

Altars:
Ashenzari
Cheibriados
Dithmenos
Fedhas
Gozag
Kikubaaqudgha
Makhleb
Nemelex Xobeh
Okawaru
Qazlal
Sif Muna
Trog
Uskayaw
Vehumet
Wu Jian
Yredelemnul
Zin
The Shining One
Jiyva

Shops:
D:8 *   D:12 *(=*

Annotations:
D:7 Maurice
D:11 Sonja
D:12 Harold
D:13 Frances


Innate Abilities, Weirdness & Mutations

You are too large for most types of armour.
You have claws for hands.
Your metabolism is lightning-fast.
You like to eat raw meat.
Your natural rate of healing is unusually fast.
You are covered in fur. (AC +1)
You have very tough skin. (AC +2)
You are partially covered in large bone plates. (SH +4)
Your flesh is cold resistant. (rC+)
You are robust. (+10% HP)
You are resistant to electric shocks. (rElec)
Your spells are a little harder to cast, but a little more powerful.
You evolve.


Message History

Harold is almost dead.
You feel sick. The killer bee stings you.
* * * LOW HITPOINT WARNING * * *
You block the killer bee's attack. x2; You block Harold's attack.
The killer bee closely misses you.
You feel better. You block the killer bee's attack. x2
The phantasmal warrior hits you!
* * * LOW HITPOINT WARNING * * *
The killer bee stings you.
* * * LOW HITPOINT WARNING * * *
You are poisoned.
The killer bee poisons you!
Harold hits you with a faintly glowing whip {slash}.
* * * LOW HITPOINT WARNING * * *
x2 You block the killer bee's attack.
Okay, then.
You fade into invisibility!
You feel sick. You block the killer bee's attack.
The killer bee completely misses you. The phantasmal warrior hits you!!
You die...

############ #..........#
#..........#
#########..........##############
...............[@W...........[)).
...######.......@............####
##..# #......y.y...........# ##.#
#....................# ...
.....##.#.##..........#
########.##.#.##..........#
#.##.#.##..........##
#.<#.#.##...........###
#.##.............# #.
###.#########..


You could see Harold, a phantasmal warrior and 2 killer bees.

Vanquished Creatures
  Fannar (D:12)
  A death knight (D:13)
  A centaur warrior (D:13)
  5 two-headed ogres
  A skeletal warrior (D:11)
  A wolf spider zombie (D:12)
  2 ugly things (D:13)
  A manticore (D:12)
  3 centaur skeletons
  A troll (D:10)
  A hornet (D:12)
  7 yaks
  A wraith (D:11)
  A hungry ghost (D:8)
  Grum (D:10)
  2 steam dragons (D:6)
  Menkaure (D:7)
  2 acid dragons
  A soldier ant (D:12)
  2 porcupines (D:10)
  2 water moccasins
  6 ice beasts
  3 orc warriors
  2 phantoms
  A sky beast (D:13)
  A black bear (D:8)
  8 ogres
  2 necrophages (D:11)
  3 wolves (D:11)
  4 centaurs
  3 big kobolds
  2 wyvern zombies
  5 bullfrogs
  An elf skeleton (D:11)
  3 scorpions
  8 killer bees
  3 wights
  6 howler monkeys
  4 centaur zombies
  4 crimson imps
  3 human zombies (D:11)
  A quasit (D:10)
  A bullfrog skeleton (D:9)
  6 hounds
  5 orc priests
  5 orc wizards
  3 human skeletons (D:11)
  3 iguanas
  7 worker ants
  A hound zombie (D:5)
  An ogre skeleton (D:11)
  A hound skeleton (D:7)
  A mummy (D:11)
  Robin (D:3)
  8 gnolls
  10 adders
  4 river rats
  6 shadow imps
  2 oozes (D:3)
  3 worms
  4 dart slugs
  3 leopard geckos
  28 orcs
  10 giant cockroaches
  14 goblins
  9 hobgoblins
  10 jackals
  4 quokkas
  7 ball pythons
  3 bats
  9 frilled lizards
  A jackal skeleton (D:8)
  17 kobolds
  A leopard gecko zombie (D:5)
  An orc zombie (D:11)
  A quokka skeleton (D:5)
  12 rats
313 creatures vanquished.

Vanquished Creatures (collateral kills)
  A two-headed ogre (D:9)
  A skeletal warrior (D:11)
  A vampire (D:9)
3 creatures vanquished.

Vanquished Creatures (others)
  A two-headed ogre (D:12)
  A gargoyle (D:12)
  A troll (D:12)
  8 slime creatures (D:12)
  A hippogriff (D:9)
  A hungry ghost (D:9)
  3 orc warriors
  A necrophage (D:6)
  A centaur (D:9)
  3 bullfrogs
  2 scorpions
  A killer bee (D:10)
  A crimson imp (D:8)
  3 howler monkeys
  A bullfrog zombie (D:5)
  A quasit (D:9)
  2 orc priests (D:4)
  2 hounds
  7 orc wizards
  43 jellies
  2 worker ants
  A river rat (Sewer)
  A shadow imp (D:13)
  An ooze (D:7)
  An adder skeleton (D:4)
  21 orcs
  A giant cockroach (D:5)
  A kobold (D:8)
  A frilled lizard (Sewer)
  8 rats (Sewer)
  9 bushes (D:6)
  4 fungi (D:11)
  4 plants (D:12)
139 creatures vanquished.

Grand Total: 455 creatures vanquished

Notes
Turn   | Place    | Note
-------+----------+-------------------------------------------
     0 | D:1      | Principatus the Troll Monk began the quest for the Orb.
     0 | D:1      | Reached XP level 1. HP: 22/22 MP: 0/0
   139 | D:1      | Reached XP level 2. HP: 29/29 MP: 1/1
   871 | D:2      | Reached skill level 4 in Unarmed Combat
  1015 | D:2      | Reached XP level 3. HP: 36/36 MP: 2/2
  1249 | D:2      | Found a sparkling altar of Nemelex Xobeh.
  1299 | D:2      | Found a glowing golden altar of the Shining One.
  1776 | D:3      | Found a shadowy altar of Dithmenos.
  1826 | D:3      | Reached skill level 1 in Shields
  1826 | D:3      | Reached XP level 4. HP: 44/44 MP: 3/3
  2034 | D:3      | Found an ornate altar of the Wu Jian Council.
  2103 | D:3      | Found an iron altar of Okawaru.
  2257 | D:3      | Noticed Robin
  2273 | D:3      | Killed Robin
  2273 | D:3      | Reached skill level 5 in Unarmed Combat
  2535 | D:4      | Reached XP level 5. HP: 50/50 MP: 4/4
  2658 | D:4      | Found an ancient bone altar of Kikubaaqudgha.
  2687 | D:4      | Found a staircase to the Ecumenical Temple.
  2696 | Temple   | Entered the Ecumenical Temple
  2801 | Temple   | Became a worshipper of Jiyva Jugucowi the Shapeless
  2801 | Temple   | Reached * piety under Jiyva
  2801 | Temple   | Reached ** piety under Jiyva
  2952 | D:4      | Reached XP level 6. HP: 34/59 MP: 5/5
  3002 | D:4      | Reached *** piety under Jiyva
  3040 | D:4      | Gained mutation: You have a small jelly attached to you that may absorb incoming projectiles. [Jiyva's grace]
  3149 | D:4      | Reached **** piety under Jiyva
  3280 | D:4      | Found a stormy altar of Qazlal.
  3601 | D:5      | Entered Level 5 of the Dungeon
  3602 | D:5      | Noticed an ice beast
  3613 | D:5      | Killed an ice beast
  3613 | D:5      | Reached skill level 6 in Unarmed Combat
  3778 | D:5      | Noticed an ice beast
  3783 | D:5      | Killed an ice beast
  3783 | D:5      | Reached XP level 7. HP: 66/66 MP: 6/6
  4240 | D:5      | Found a glowing drain.
  4259 | Sewer    | Entered a sewer
  4268 | Sewer    | Reached skill level 7 in Unarmed Combat
  4508 | Sewer    | Gained mutation: Armour fits poorly on your strangely shaped body. [Jiyva's grace]
  4788 | D:6      | Found a glowing silver altar of Zin.
  4854 | D:6      | Noticed a steam dragon
  4864 | D:6      | Killed a steam dragon
  4876 | D:6      | Noticed a steam dragon
  4921 | D:6      | Killed a steam dragon
  4921 | D:6      | Reached skill level 5 in Shields
  4921 | D:6      | Reached XP level 8. HP: 55/74 MP: 7/7
  5119 | D:6      | Reached skill level 8 in Unarmed Combat
  5123 | D:6      | Found a snail-covered altar of Cheibriados.
  5206 | D:6      | Gained mutation: You evolve. [Jiyva's grace]
  5235 | D:6      | Reached ***** piety under Jiyva
  5269 | D:6      | Noticed a two-headed ogre
  5299 | D:6      | Killed a two-headed ogre
  5299 | D:6      | Reached skill level 9 in Unarmed Combat
  5687 | D:6      | Found a bloodstained altar of Trog.
  5893 | D:7      | Noticed Menkaure
  6094 | D:7      | Identified the Guide on Dislocated Intoxication
  6747 | D:7      | Killed Menkaure
  6747 | D:7      | Reached XP level 9. HP: 42/80 MP: 8/8
  7136 | D:8      | Reached skill level 10 in Unarmed Combat
  7258 | D:8      | Found a hide-covered altar of Uskayaw.
  7304 | D:8      | Found a deep blue altar of Sif Muna.
  7308 | D:8      | Found the +3 hat of Pondering {ponderous, MR+ MP+10 Int+5}
  7382 | D:8      | Noticed Maurice
  7388 | D:8      | Paralysed by something for 6 turns
  7423 | D:7      | Paralysed by something for 5 turns
  7431 | D:7      | Paralysed by something for 3 turns
  7532 | D:8      | Found a radiant altar of Vehumet.
  7572 | D:8      | Found Zaevvug's Assorted Antiques.
  7599 | D:8      | Found an iron altar of Okawaru.
  7805 | D:9      | Gained mutation: Your spells are a little harder to cast, but a little more powerful. [Jiyva's grace]
  7816 | D:9      | Reached skill level 11 in Unarmed Combat
  7821 | D:9      | Noticed a two-headed ogre
  7835 | D:9      | Killed a two-headed ogre
  7836 | D:9      | Reached XP level 10. HP: 44/88 MP: 9/9
  7873 | D:9      | Lost mutation: You have a small jelly attached to you that may absorb incoming projectiles. [Jiyva's grace]
  7897 | D:9      | Noticed a two-headed ogre
  7901 | D:9      | Killed a two-headed ogre
  7901 | D:9      | Reached skill level 12 in Unarmed Combat
  7905 | D:9      | Noticed a two-headed ogre
  7911 | D:9      | Reached ****** piety under Jiyva
  7912 | D:9      | Killed a two-headed ogre
  7939 | D:9      | Gained mutation: Your system is resistant to poisons. (rPois) [Jiyva's grace]
  7969 | D:9      | Gained mutation: You are resistant to electric shocks. (rElec) [Jiyva's grace]
  7983 | D:9      | Noticed a two-headed ogre
  8101 | D:9      | Killed a two-headed ogre
  8264 | D:9      | Gained mutation: Your flesh is cold resistant. (rC+) [evolution]
  8495 | D:10     | Entered Level 10 of the Dungeon
  8586 | D:10     | Reached skill level 13 in Unarmed Combat
  8875 | D:10     | Reached XP level 11. HP: 92/97 MP: 10/10
  9087 | D:10     | Gained mutation: You have large cloven feet. [Jiyva's grace]
  9160 | D:10     | Noticed a two-headed ogre
  9168 | D:10     | Killed a two-headed ogre
  9443 | D:11     | Noticed Grum
  9454 | D:10     | Killed Grum
  9492 | D:11     | Noticed a two-headed ogre
  9544 | D:11     | Noticed a skeletal warrior
  9544 | D:11     | Noticed a skeletal warrior
  9544 | D:11     | Noticed a skeletal warrior
  9545 | D:11     | Noticed Sonja
  9583 | D:10     | Gained mutation: You are partially covered in large bone plates. (SH +4) [evolution]
  9679 | D:11     | Lost mutation: You have large cloven feet. [Jiyva's grace]
  9697 | D:11     | Found an ancient bone altar of Kikubaaqudgha.
  9708 | D:11     | Lost mutation: Armour fits poorly on your strangely shaped body. [Jiyva's power]
  9770 | D:11     | Killed a skeletal warrior
  9777 | D:11     | Killed a skeletal warrior
  9777 | D:11     | Reached skill level 14 in Unarmed Combat
  9778 | D:12     | Found a bloodstained altar of Trog.
  9923 | D:12     | Noticed a four-headed hydra
  9933 | D:12     | Found Siffyun's Assorted Antiques.
  9937 | D:12     | Bought a potion of heal wounds for 190 gold pieces
  9968 | D:12     | Found Kessuej's Assorted Antiques.
  9974 | D:12     | Noticed a seven-headed hydra
  9979 | D:12     | Bought a scroll of teleportation for 63 gold pieces
  9985 | D:12     | Found Siashrof's Jewellery Shop.
 10040 | D:12     | Found Mugh's Weapon Emporium.
 10113 | D:12     | HP: 4/101 [barbs]
 10265 | D:13     | Noticed a white ugly thing
 10387 | D:13     | Noticed Frances
 10390 | D:13     | Gained mutation: You are robust. (+10% HP) [Jiyva's grace]
 10439 | D:13     | Noticed a death knight
 10442 | D:13     | Noticed a centaur warrior
 10465 | D:13     | Killed a centaur warrior
 10465 | D:13     | Reached skill level 5 in Fighting
 10476 | D:13     | Killed a death knight
 10540 | D:13     | Noticed a green ugly thing
 10553 | D:13     | Killed a green ugly thing
 10553 | D:13     | Reached XP level 12. HP: 116/122 MP: 11/11
 10614 | D:13     | Lost mutation: Your system is resistant to poisons. (rPois) [Jiyva's grace]
 10780 | D:12     | Killed a two-headed ogre
 11047 | D:11     | Noticed Harold
 11071 | D:11     | Noticed Fannar
 11074 | D:12     | Reached skill level 15 in Unarmed Combat
 11086 | D:12     | Killed Fannar
 11142 | D:11     | Noticed a death knight
 11155 | D:12     | Slain by a phantasmal warrior

Skill      XL: |  1  2  3  4  5  6  7  8  9 10 11 12 |
---------------+-------------------------------------+-----
Unarmed Combat | 4 5 6 7 9 11 13 14 15 | 15.1
Shields        | 1 2 3 5 6 7 8 9 |  9.8
Fighting       | 3 5 |  5.6
Throwing       | |  0.1
Dodging        | |  2.4
Stealth        | |  1.0

Action                   |  1- 3 |  4- 6 |  7- 9 | 10-12 || total
-------------------------+-------+-------+-------+-------++-------
Melee: Unarmed           |   119 |   106 |   205 |   451 ||   881
       Punch             |     1 |       |       |       ||     1
       Kick              |       |       |       |    29 ||    29
 Fire: Hunting sling     |       |       |    46 |       ||    46
Throw: Stone             |     5 |       |       |     5 ||    10
       Tomahawk          |       |       |       |    16 ||    16
Invok: Request Jelly     |       |     1 |     1 |       ||     2
       Slimify           |       |     1 |       |       ||     1
       Cure Bad Mutation |       |       |       |     1 ||     1
  Use: Scroll            |       |    11 |     2 |     7 ||    20
       Potion            |       |       |     3 |     5 ||     8
 Stab: Sleeping          |     2 |     3 |     1 |     2 ||     8
       Distracted        |       |       |     1 |     2 ||     3
  Eat: Chunk             |    22 |    12 |    30 |    13 ||    77
       Ration            |       |       |     1 |       ||     1
Armor: Robe              |    43 |    24 |    41 |    17 ||   125
       Acid dragon scale |       |       |       |    28 ||    28
Dodge: Dodged            |    33 |    11 |    23 |    81 ||   148
Block: Large shield      |    32 |    51 |   140 |   410 ||   633
